 Dungeon Crawl Stone Soup version 0.32-a0-933-ga8fa3634e4 (webtiles) character file.

Game seed: 3216644451872389143

6296 Autsider the Frost Mage (level 10, -1/83 HPs)
             Began as a Merfolk Ice Elementalist on Apr 14, 2024.
             Was an Initiate of Gozag.
             Slain by a shadow (18 damage)
             ... on level 10 of the Dungeon.
             The game lasted 00:37:42 (10706 turns).

Autsider the Frost Mage (Merfolk Ice Elementalist) Turns: 10706, Time: 00:37:43

Health: -1/83      AC: 17    Str: 10    XL:     10   Next: 94%
Magic:  19/19      EV: 11    Int: 24    God:    Gozag
Gold:   576        SH:  0    Dex: 11    Spells: 11/21 levels left

rFire   . . .        F - +1 halberd of Day {freeze, Int+6 Dex-3}
rCold   . . .        (shield currently unavailable)
rNeg    . . .        a - +2 leather armour of Maltheism {Stlth+}
rPois   .            m - +2 helmet
rElec   .            D - scarf {repulsion}
rCorr   .            j - +0 pair of gloves
SInv    .            (no boots)
Will    .....        (no amulet)
Stlth   +++          (no ring)
HPRegen 0.33/turn    (no ring)
MPRegen 0.16/turn

%: repel missiles
@: ice-armoured
A: (nimble swimmer 2), mertail
a: Renounce Religion, Potion Petition, Call Merchant, Bribe Branch


You were on level 10 of the Dungeon.
You worshipped Gozag.
Gozag was pleased with you.
You visited 2 branches of the dungeon, and saw 12 of its levels.

You collected 1337 gold pieces.
You spent 679 gold pieces at shops.
You paid 82 gold pieces to Gozag.

Inventory:

Hand Weapons
 c - a +3 flail of freezing
 i - a +0 spectral spear
 q - a +1 short sword of electrocution
 w - a +2 whip of flaming
 F - the +1 halberd of Day (weapon) {freeze, Int+6 Dex-3}
   (You found it on level 8 of the Dungeon)

   Int+6:     It affects your intelligence (+6).
   Dex-3:     It affects your dexterity (-3).
Missiles
 s - a throwing net
 E - 29 poisoned darts
Armour
 a - the +2 leather armour of Maltheism (worn) {Stlth+}
   (You found it on level 7 of the Dungeon)

   Stlth+:    It makes you more stealthy.
 j - a +0 pair of gloves (worn)
 m - a +2 helmet (worn)
 t - a +4 chain mail
 C - a +0 cloak
 D - a scarf of repulsion (worn)
Magical Staves
 x - a staff of conjuration
 J - a staff of earth
Jewellery
 y - a ring of ice
Talismans
 h - a beast talisman
 B - a talisman of death
Wands
 u - a wand of iceblast (4)
 v - a wand of polymorph (14)
 M - a wand of charming (6)
Scrolls
 d - 6 scrolls of teleportation {@r2}
 e - a scroll of blinking
 g - 3 scrolls of enchant armour
 k - a scroll of brand weapon
 n - 2 scrolls of vulnerability
 o - 2 scrolls of noise
 p - 4 scrolls of revelation
 r - 2 scrolls of fog
 H - a scroll of torment {unknown}
 I - a scroll of fear {unknown}
 K - a scroll of identify {@r1}
Potions
 b - a potion of magic
 f - 4 potions of mutation
 l - 3 potions of heal wounds {unknown}
 z - 2 potions of curing
 A - a potion of degeneration {unknown}
 G - a potion of attraction {unknown}
 L - 2 potions of lignification {unknown}


   Skills:
 - Level 9.0 Fighting
 - Level 2.0 Armour
 - Level 4.0 Dodging
 - Level 3.0 Stealth
 - Level 6.0 Spellcasting
 + Level 5.8 Summonings
 - Level 12.0 Ice Magic


You had 11 spell levels left.
You knew the following spells:

 Your Spells              Type           Power      Damage    Failure   Level
a - Freeze                Ice            100%       1d10      1%          1
b - Frozen Ramparts       Ice            100%       1d16      1%          3
c - Ozocubu's Armour      Ice            59%        N/A       1%          3
d - Summon Ice Beast      Ice/Summ       50%        N/A       1%          3

Your spell library contained the following spells:

 Spells                   Type           Power      Damage    Failure   Level
 Call Imp                 Summ           70%        N/A       1%          2
 Ensorcelled Hibernation  Hex/Ice        72%        N/A       1%          2
 Magic Dart               Conj           28%        1d4       11%         1
 Blink                    Tloc           14%        N/A       16%         2
 Sublimation of Blood     Necr           7%         N/A       16%         2
 Metabolic Englaciation   Hex/Ice        18%        N/A       24%         5
 Passwall                 Erth           7%         N/A       30%         3
 Swiftness                Air            7%         N/A       30%         3
 Summon Blazeheart Golem  Fire/Summ      21%        N/A       30%         4
 Passage of Golubria      Tloc           7%         N/A       71%         4
 Orb of Destruction       Conj           3%         9d5       100%        7
 Spellforged Servitor     Conj/Summ      10%        N/A       100%        7
 Summon Hydra             Summ           17%        N/A       100%        7
 Disjunction              Tloc           3%         N/A       100%        8


Dungeon Overview and Level Annotations

Branches:
Dungeon (11/15)            Temple (1/1) D:4            Lair (0/5) D:10
    Orc (0/2) D:9

Altars:
Ashenzari
Cheibriados
Dithmenos
Elyvilon
Fedhas
Gozag
Hepliaklqana
Kikubaaqudgha
Makhleb
Nemelex Xobeh
Okawaru
Qazlal
Ru
Sif Muna
Trog
Uskayaw
Vehumet
Wu Jian
Xom
Yredelemnul
Zin
The Shining One

Shops:
D:4 ?   D:9 :[

Annotations:
D:3 3 runed translucent doors, Konar's ghost, amateur CoHu
D:6 exclusion: downstairs, Menkaure
D:8 3 runed translucent doors, exclusion: downstairs
D:9 exclusions: entropy weaver and two-headed ogre


Innate Abilities, Weirdness & Mutations

((You are very nimble when in or above water. (Stealth+, EV+, Speed+++)))
Your lower body shifts to a powerful aquatic tail in water.


Message History

You hit the shadow but do no damage.
The shadow is lightly damaged.
The shadow hits you. x2
You closely miss the shadow.
The shadow is lightly damaged.
The shadow hits you.
You hit the shadow but do no damage.
The shadow is lightly damaged.
The shadow hits you.
The shadow slips into darkness.
The shadow flickers and vanishes!
Deactivating autopickup; reactivate with Ctrl-A.
You miss something.
The shadow strikes at you from the darkness!
* * * LOW HITPOINT WARNING * * *
Reactivating autopickup.
You barely miss the shadow.
The shadow is lightly damaged.
The shadow hits you. x2
* * * LOW HITPOINT WARNING * * *
You slash the shadow!
The shadow is heavily damaged.
The shadow barely misses you.
You completely miss the shadow.
The shadow is heavily damaged.
The shadow slips into darkness.
The shadow flickers and vanishes!
Deactivating autopickup; reactivate with Ctrl-A.
The shadow strikes at you from the darkness!
* * * LOW HITPOINT WARNING * * *
Reactivating autopickup.
You closely miss the shadow.
The shadow is moderately damaged.
The shadow slips into darkness.
The shadow flickers and vanishes!
Deactivating autopickup; reactivate with Ctrl-A.
You closely miss something.
The shadow strikes at you from the darkness!
You die...
Your body crumbles into a pile of gold.

.........'...#
#........
####....#...#
#........
#...##...#####........
#...#.................
#...#..........#'#####
#...#..#####...#...
#...#..# #...#....
#...# .# #{###.....#
#...## #@# ..#+#
#....# #.# .# #....#
..# #....#####...#
##........#...#
#.....###.#...#
#..####.#.#....
#..'...<#.#....
####### #..'....#.#
#.....#####


There were no monsters in sight!

Vanquished Creatures
  An occultist (D:10)
  Pikel (D:4)
  Maurice (D:10)
  A komodo dragon (D:7)
  A blink frog (D:10)
  2 shadows (D:10)
  5 yaks (D:10)
  A basilisk (D:10)
  A wyvern (D:9)
  A water moccasin (D:5)
  An ice beast (D:5)
  A black bear (D:8)
  4 centaurs
  2 lemures (D:4)
  2 kobold brigands
  2 scorpions (D:5)
  A bullfrog (D:10)
  3 wights
  3 killer bees (D:8)
  A howler monkey (D:10)
  A hound (D:5)
  A bombardier beetle (D:3)
  A gnoll bouda (D:7)
  12 iguanas
  3 orc wizards
  3 gnolls
  6 adders
  2 shadow imps
  2 white imps
  2 ufetubi (D:5)
  4 dart slugs
  2 ribbon worms
  17 orcs
  10 bats
  5 endoplasms
  4 giant cockroaches
  4 hobgoblins
  4 jackals (D:5)
  17 kobolds
  3 quokkas (D:1)
  8 ball pythons
  5 frilled lizards
  4 goblins
  3 rats
158 creatures vanquished.

Vanquished Creatures (collateral kills)
  A tengu conjurer (D:10)
  A troll (D:9)
  A wyvern (D:9)
  A steam dragon (D:9)
  An ice beast (D:5)
  A scorpion (D:6)
  A wight (D:6)
  3 howler monkeys
  A sleepcap (D:7)
  A gnoll bouda (D:10)
  An iguana (D:7)
  3 gnolls
  A white imp (D:8)
  An orc (D:8)
  2 kobolds (D:9)
20 creatures vanquished.

Vanquished Creatures (others)
  A spectral weapon (D:4)
1 creature vanquished.

Grand Total: 179 creatures vanquished

Notes
Turn   | Place    | Note
-------+----------+-------------------------------------------
     0 | D:1      | Autsider the Merfolk Ice Elementalist began the quest for
                  | the Orb.
     0 | D:1      | Reached XP level 1. HP: 13/13 MP: 3/3
    34 | D:1      | Reached skill level 1 in Fighting
   149 | D:1      | Reached XP level 2. HP: 22/22 MP: 3/5
   671 | D:1      | Found a faded altar of an unknown god.
   807 | D:1      | Reached XP level 3. HP: 27/27 MP: 6/6
   811 | D:1      | Learned a level 3 spell: Frozen Ramparts
  1291 | D:2      | Reached XP level 4. HP: 31/33 MP: 3/7
  1366 | D:2      | Reached skill level 5 in Ice Magic
  1803 | D:3      | Found a runed translucent gate.
  1803 | D:3      | Found a runed translucent gate.
  1803 | D:3      | Found a runed translucent gate.
  1811 | D:3      | Noticed a kobold brigand
  1812 | D:3      | Noticed Konar's ghost (amateur CoHu)
  1949 | D:3      | Reached XP level 5. HP: 25/41 MP: 4/9
  2342 | D:4      | Found Qothras's Magic Scroll Shop.
  2347 | D:4      | Bought a scroll of revelation for 105 gold pieces
  2347 | D:4      | Bought a scroll of identify for 28 gold pieces
  2359 | D:4      | Learned a level 3 spell: Ozocubu's Armour
  2579 | D:4      | Noticed Pikel
  2579 | D:4      | Noticed a lemure
  2579 | D:4      | Noticed a lemure
  2579 | D:4      | Noticed a lemure
  2597 | D:4      | Killed a lemure
  2599 | D:4      | Noticed a lemure
  2610 | D:4      | Killed a lemure
  2626 | D:4      | Killed Pikel
  2627 | D:4      | Reached skill level 7 in Ice Magic
  2627 | D:4      | Reached XP level 6. HP: 12/48 MP: 0/12
  2627 | D:4      | Reached XP level 7. HP: 14/54 MP: 0/13
  2968 | D:4      | Found a staircase to the Ecumenical Temple.
  2992 | Temple   | Entered the Ecumenical Temple
  3006 | Temple   | Became a worshipper of Gozag Ym Sagoz the Greedy
  3332 | D:5      | Entered Level 5 of the Dungeon
  3342 | D:5      | Learned a level 3 spell: Summon Ice Beast
  3471 | D:5      | Reached XP level 8. HP: 57/61 MP: 2/14
  3629 | D:5      | Reached skill level 5 in Fighting
  4094 | D:5      | Reached skill level 8 in Ice Magic
  4923 | D:5      | Reached skill level 9 in Ice Magic
  4923 | D:5      | Reached skill level 1 in Armour
  5241 | D:6      | HP: 3/61 [wight/+3 flail of freezing (5)]
  6108 | D:6      | Reached XP level 9. HP: 64/64 MP: 15/15
  6202 | D:6      | Noticed Menkaure
  6238 | D:6      | Found a snail-covered altar of Cheibriados.
  6356 | D:6      | Found a white marble altar of Elyvilon.
  6357 | D:6      | Found a hazy altar of Hepliaklqana.
  6359 | D:6      | Found an ancient bone altar of Kikubaaqudgha.
  6361 | D:6      | Found an ornate altar of the Wu Jian Council.
  7000 | D:7      | Noticed a komodo dragon
  7049 | D:7      | Killed a komodo dragon
  7050 | D:7      | Reached skill level 10 in Ice Magic
  7211 | D:7      | Found a glowing golden altar of the Shining One.
  7325 | D:7      | Identified the +2 leather armour of Maltheism {Stlth+}
  7574 | D:8      | Found a runed translucent gate.
  7574 | D:8      | Found a runed translucent gate.
  7575 | D:8      | Found a runed translucent gate.
  7576 | D:8      | Noticed a rust devil
  7576 | D:8      | Noticed a rust devil
  8162 | D:8      | Reached skill level 5 in Spellcasting
  8298 | D:8      | Identified the +1 halberd of Day {freeze, Int+6 Dex-3}
  8788 | D:9      | Noticed a two-headed ogre
  8978 | D:9      | Noticed an entropy weaver
  9064 | D:9      | Reached skill level 11 in Ice Magic
  9164 | D:9      | Noticed a troll
  9173 | D:9      | Killed a troll
  9174 | D:9      | Reached XP level 10. HP: 54/80 MP: 9/18
  9343 | D:9      | Found Amnezumn's Book Boutique.
  9351 | D:9      | Bought a book of Dangerous Friends for 546 gold pieces
  9369 | D:9      | Found Fomui's Armour Shop.
  9369 | D:9      | Found a staircase to the Orcish Mines.
  9369 | D:9      | Noticed a two-headed ogre
  9689 | D:10     | Entered Level 10 of the Dungeon
  9894 | D:10     | Reached skill level 1 in Summonings
  9915 | D:10     | Noticed an occultist
  9921 | D:10     | Killed an occultist
 10033 | D:10     | Got Sif Muna's Atlas of Transposition
 10345 | D:10     | Reached skill level 12 in Ice Magic
 10416 | D:10     | Noticed Maurice
 10428 | D:10     | Killed Maurice
 10548 | D:10     | Reached skill level 5 in Summonings
 10650 | D:10     | Found a staircase to the Lair.
 10706 | D:10     | Slain by a shadow

Illustrated notes

Levels and vault maps discovered:
D:1:      lightli_arrival_quake, layout_basic,
          hellmonk_ecumenical_altar_arch_garden
D:2:      layout_rooms, grunt_decor_fettered, interstate_on_off
D:3:      layout_basic, gammafunk_ghost_nasty_kobolds
D:4:      layout_loops_ring, minmay_temple_entry_statues_pillars, serial_shops,
          shop, solitary_fountain, uniq_pikel
D:5:      layout_gridville, minmay_misc_feat_secret_circle
D:6:      layout_loops_corners, minitemple, cheibrodos_worm_habitat,
          uniq_menkaure
D:7:      layout_basic, mainiacjoe_overflow_boulevard
D:8:      cheibrodos_iron_armory, layout_basic
D:9:      layout_roguey, orc_david_3, serial_shops, shop, st_stairs_10
D:10:     layout_irregular_city, dpeg_lair_monsters, minmay_diamond_spiral,
          uniq_maurice
D:11:     nicolae_hexawheel, layout_basic, serial_shops,
          nicolae_shop_pleasant_corner_grove, shop, nicolae_shop_stone, shop
Temple:   lightli_temple_of_artemis

Skill      XL: |  1  2  3  4  5  6  7  8  9 10 |
---------------+-------------------------------+-----
Fighting       | 1 2 3 4 6 7 9 |  9.0
Dodging        | 3 4 |  4.0
Ice Magic      | 5 7 9 11 12 | 12.0
Spellcasting   | 4 5 6 |  6.0
Stealth        | 3 |  3.0
Armour         | 2 |  2.0
Summonings     | 5 |  5.8

Action                     |  1- 3 |  4- 6 |  7- 9 | 10-12 || total
---------------------------+-------+-------+-------+-------++-------
  Melee: Spear             |    30 |   152 |   253 |       ||   435
         Dagger            |     1 |       |       |       ||     1
         Halberd           |       |       |     7 |    63 ||    70
   Cast: Freeze            |    55 |     4 |     9 |     3 ||    71
         Frozen Ramparts   |       |     7 |    28 |    10 ||    45
         Ozocubu's Armour  |       |     3 |    25 |     6 ||    34
         Summon Ice Beast  |       |       |    30 |    12 ||    42
    Use: Scroll            |       |     4 |     7 |     1 ||    12
         Potion            |       |     1 |     2 |       ||     3
   Stab: Sleeping          |    10 |     4 |     4 |       ||    18
         Distracted        |       |     2 |     3 |       ||     5
 Armour: Robe              |    27 |    51 |    99 |       ||   177
         Leather armour    |       |       |    73 |    46 ||   119
  Dodge: Dodged            |    19 |    51 |   168 |    31 ||   269
         Repelled          |       |       |     4 |       ||     4

Table legend: (Time is in decaauts)
 A = Elapsed time spent in this place.
 B = Non-inter-level travel time spent in this place.
 C = Inter-level travel time spent in this place.
 D = Time resting spent in this place.
 E = Time spent auto-exploring this place.
 F = Levels seen in this place.
 G = Mean time per level.
                   A        B        C        D        E       F      G
               +--------+--------+--------+--------+--------+-----+--------+
         Total |  10766 |  10312 |    454 |    277 |   7924 |  12 |  897.2 |
       Dungeon |  10737 |  10310 |    427 |    277 |   7924 |  11 |  976.1 |
        Temple |     28 |      1 |     27 |      0 |      0 |   1 |   28.0 |
               +--------+--------+--------+--------+--------+-----+--------+

Top non-repeatable levels by time:
     D:5: 2106 daAuts
     D:8: 1329 daAuts
     D:6: 1254 daAuts
    D:10: 1015 daAuts
     D:4: 983 daAuts
     D:9: 885 daAuts
     D:1: 839 daAuts
     D:7: 799 daAuts
     D:3: 773 daAuts
     D:2: 721 daAuts
  Temple: 28 daAuts
    D:11: 28 daAuts
